 Dungeon Sprint DCSS version 0.21-a0-331-gfb491b4 (webtiles) character file.

5343 potatolord6000 the Martial Artist (level 10, -8/91 HPs)
             Began as a Gnoll Transmuter on Oct 2, 2017.
             Was an Elder of Sif Muna.
             Mangled by Urug
             ... wielding a +1 demon trident of electrocution
              (11 damage)
             ... in the Dungeon (Sprint III: "The Ten Rune Challenge").
             The game lasted 00:13:54 (1739 turns).

potatolord6000 the Martial Artist (GnTm)            Turns: 1739, Time: 00:13:55

Health: -8/91      AC:  2    Str: 12    XL:     10   Next: 65%
Magic:  12/24      EV: 32    Int: 18    God:    Sif Muna [****..]
Gold:   52         SH:  0    Dex: 22    Spells: 16/29 levels left

rFire    . . .     SeeInvis .     - Unarmed
rCold    . . .     Gourm    .   (shield currently unavailable)
rNeg     . . .     Faith    .   (armour currently unavailable)
rPois    x         Spirit   .   (helmet currently unavailable)
rElec    .         Reflect  .   (cloak currently unavailable)
rCorr    .         Harm     .   (gloves currently unavailable)
MR       .....     NoTele   +   (boots currently unavailable)
Stlth    +++++.....             (no amulet)
HPRegen  0.65/turn              (no ring)
MPRegen  0.19/turn              (no ring)

@: spider-form, very slightly contaminated
A: distributed training, regeneration 1, robust 1, strong nose
a: End Transformation, Divine Energy, Channel Magic, Forget Spell, Renounce
Religion


You were in the Dungeon.
You worshipped Sif Muna.
Sif Muna was greatly pleased with you.
You were not hungry.
You were a venomous arachnid creature.
You visited 1 branch You collected 52 gold pieces.

Inventory:

Missiles
 d - 10 arrows
Armour
 a - a +0 cloak of poison resistance (melded)
 e - a +1 robe of magic resistance (melded)
 o - a +0 helmet (melded)
Scrolls
 f - 3 scrolls of immolation
 m - 2 scrolls of remove curse
Potions
 h - 2 potions of magic
 p - 3 potions of flight
Books
 c - a book of Changes

   Spells                             Type                      Level
   a - Beastly Appendage              Transmutation                1
   b - Sticks to Snakes               Transmutation                2
   c - Spider Form                    Transmutation/Poison         3
   d - Ice Form                       Ice/Transmutation            4
   e - Blade Hands                    Transmutation                5
Comestibles
 k - a fruit
 n - 2 royal jellies


   Skills:
 + Level 9.4 Fighting
 + Level 9.1 Short Blades
 + Level 9.1 Long Blades
 + Level 9.1 Axes
 + Level 9.1 Maces & Flails
 + Level 9.1 Polearms
 + Level 9.1 Staves
 + Level 9.1 Slings
 + Level 9.1 Bows
 + Level 9.1 Crossbows
 + Level 9.1 Throwing
 + Level 9.1 Armour
 + Level 10.1 Dodging
 + Level 9.1 Stealth
   Level 0.0 Stabbing
 + Level 9.1 Shields
   Level 0.0 Traps
 + Level 11.0 Unarmed Combat
 + Level 10.3 Spellcasting
 + Level 9.1 Conjurations
 + Level 9.1 Hexes
 + Level 9.1 Charms
 + Level 9.1 Summonings
 + Level 9.1 Necromancy
 + Level 9.1 Translocations
 + Level 10.1 Transmutations
 + Level 9.1 Fire Magic
 + Level 9.1 Ice Magic
 + Level 9.1 Air Magic
 + Level 9.1 Earth Magic
 + Level 9.1 Poison Magic
 + Level 9.1 Invocations
 + Level 9.1 Evocations


You had 16 spell levels left.
You knew the following spells:

 Your Spells              Type           Power        Failure   Level  Hunger
a - Beastly Appendage     Tmut           #####.       1%          1    None
b - Spider Form           Tmut/Pois      #####.....   3%          3    None
c - Ice Form              Ice/Tmut       #####...     6%          4    ###....
d - Blade Hands           Tmut           #####.....   11%         5    #####..


Dungeon Overview and Level Annotations

Branches:
Dungeon (1/1)

Altars:
Cheibriados
Dithmenos
Elyvilon
Fedhas
Gozag
Hepliaklqana
Kikubaaqudgha
Makhleb
Nemelex Xobeh
Okawaru
Qazlal
Ru
Sif Muna
Trog
Uskayaw
Vehumet
Wu Jian
Xom
Yredelemnul
Zin
The Shining One
Beogh
Jiyva
Lugonu

Annotations:
D Donald, Frances, Urug


Innate Abilities, Weirdness & Mutations

Your experience applies equally to all skills.
((You have very sharp teeth.))
Your uncanny sense of smell can sniff out nearby items.
((Your flesh is cold resistant. (rC+)))
Your natural rate of healing is unusually fast.
You are robust. (+10% HP)


Message History

Casting: Blade Hands
Confirm with . or Enter, or press ? or * to list all spells.
Your hands revert to their normal proportions.
You turn into a venomous arachnid creature.
Your +0 cloak of poison resistance melds into your body.
Your +0 helmet melds into your body.
Your +1 robe of magic resistance melds into your body.
You no longer feel resistant to poison.
You feel less resistant to hostile enchantments.
Urug throws a javelin.
The javelin completely misses you.
Unknown command.
Unknown command.
Unknown command.
Urug completely misses you.
You see here a book of Misfortune.
Unknown command.
Unknown command.
Unknown command.
Urug hits you with a demon trident of electrocution!
You die...

..#..)...#'###__#...#.#§≈§#.#.#.(
##.#.....#.))#__#...'.#§§.#.#.#()
#####....#___#__+...#.#§§.#...#..
▓ ▓▓▓▓▓▓▓▓▓▓▓▓▓▓▓▓▓▓▓▓▓▓▓▓▓▓▓▓▓
♣♣≈≈ff.......≈≈≈..
+♣♣+♣≈≈≈≈≈≈≈§≈≈≈≈♣♣P
#(÷♣♣♣♣♣♣♣♣♣♣♣♣♣♣♣♣P #.:♣♣ ♣♣
###s♣♣♣♣♣ ♣♣♣♣o##o.## ∆
♣.(.##.##.# ∆ ♣♣(##o##.##
♣..#.##...# ∆ ♣♣.##.##.o# ♣♣.##.#
### ♣..o.(# ∆ #######


You could see Urug.

Vanquished Creatures
  Erica (D)
  A centaur warrior (D)
  An unseen horror (D)
  A lindwurm (D)
  A deep elf mage (D)
  2 spiny frogs (D)
  A komodo dragon (D)
  2 tyrant leeches (D)
  3 redbacks (D)
  A shadow (D)
  A wandering mushroom (D)
  A necrophage (D)
  2 centaurs (D)
  An earth elemental (D)
  A water elemental (D)
  A jelly (D)
  Crazy Yiuf (D)
  A wizard (D)
  Jessica (D)
  A necromancer (D)
  A kobold demonologist (D)
  3 humans (D)
  2 rats (D)
31 creatures vanquished.

Vanquished Creatures (others)
  2 draconian scorchers (D)
  6 hellions (D)
  A yaktaur (D)
9 creatures vanquished.

Grand Total: 40 creatures vanquished

Notes
Turn   | Place    | Note
-------+----------+-------------------------------------------
     0 | D        | potatolord6000 the Gnoll Transmuter began the quest for the Orb.
     0 | D        | Reached XP level 1. HP: 17/17 MP: 6/6
    35 | D        | Noticed Jessica
    53 | D        | Killed Jessica
    53 | D        | Reached skill level 1 in Short Blades
    53 | D        | Reached skill level 1 in Long Blades
    53 | D        | Reached skill level 1 in Axes
    53 | D        | Reached skill level 1 in Maces & Flails
    53 | D        | Reached skill level 1 in Polearms
    53 | D        | Reached skill level 1 in Staves
    53 | D        | Reached skill level 1 in Slings
    53 | D        | Reached skill level 1 in Bows
    53 | D        | Reached skill level 1 in Crossbows
    53 | D        | Reached skill level 1 in Throwing
    53 | D        | Reached skill level 1 in Armour
    53 | D        | Reached skill level 1 in Stealth
    53 | D        | Reached skill level 1 in Shields
    53 | D        | Reached skill level 5 in Spellcasting
    53 | D        | Reached skill level 1 in Conjurations
    53 | D        | Reached skill level 1 in Hexes
    53 | D        | Reached skill level 1 in Charms
    53 | D        | Reached skill level 1 in Summonings
    53 | D        | Reached skill level 1 in Necromancy
    53 | D        | Reached skill level 1 in Translocations
    53 | D        | Reached skill level 1 in Fire Magic
    53 | D        | Reached skill level 1 in Ice Magic
    53 | D        | Reached skill level 1 in Air Magic
    53 | D        | Reached skill level 1 in Earth Magic
    53 | D        | Reached skill level 1 in Poison Magic
    53 | D        | Reached skill level 1 in Invocations
    53 | D        | Reached skill level 1 in Evocations
    53 | D        | Reached XP level 2. HP: 24/24 MP: 6/8
    53 | D        | Reached XP level 3. HP: 29/29 MP: 6/9
    59 | D        | Killed a yaktaur
    88 | D        | Killed a hellion
    89 | D        | Killed a hellion
    89 | D        | Killed a hellion
    92 | D        | Killed a hellion
   107 | D        | Learned a level 3 spell: Spider Form
   109 | D        | Noticed Crazy Yiuf
   116 | D        | Reached skill level 5 in Dodging
   116 | D        | Reached skill level 5 in Transmutations
   120 | D        | Killed Crazy Yiuf
   120 | D        | Reached skill level 7 in Unarmed Combat
   120 | D        | Reached XP level 4. HP: 16/36 MP: 7/11
   184 | D        | Killed a white draconian scorcher
   185 | D        | Killed a hellion
   189 | D        | Killed a hellion
   293 | D        | Learned a level 4 spell: Ice Form
   295 | D        | Gained mutation: You are robust. (+10% HP) [potion of mutation]
   295 | D        | Gained mutation: Your natural rate of healing is unusually fast. [potion of mutation]
   295 | D        | Gained mutation: Your flesh is cold resistant. (rC+) [potion of mutation]
   299 | D        | Noticed a water elemental
   303 | D        | Killed a water elemental
   303 | D        | Reached XP level 5. HP: 46/46 MP: 7/13
   314 | D        | Killed a white draconian scorcher
   615 | D        | Found a glowing silver altar of Zin.
   615 | D        | Found a glowing golden altar of the Shining One.
   615 | D        | Found a white marble altar of Elyvilon.
   616 | D        | Noticed a deep elf mage
   621 | D        | Killed a deep elf mage
   621 | D        | Reached skill level 5 in Fighting
   621 | D        | Reached skill level 5 in Short Blades
   621 | D        | Reached skill level 5 in Long Blades
   621 | D        | Reached skill level 5 in Axes
   621 | D        | Reached skill level 5 in Maces & Flails
   621 | D        | Reached skill level 5 in Polearms
   621 | D        | Reached skill level 5 in Staves
   621 | D        | Reached skill level 5 in Slings
   621 | D        | Reached skill level 5 in Bows
   621 | D        | Reached skill level 5 in Crossbows
   621 | D        | Reached skill level 5 in Throwing
   621 | D        | Reached skill level 5 in Armour
   621 | D        | Reached skill level 5 in Stealth
   621 | D        | Reached skill level 5 in Shields
   621 | D        | Reached skill level 8 in Unarmed Combat
   621 | D        | Reached skill level 5 in Conjurations
   621 | D        | Reached skill level 5 in Hexes
   621 | D        | Reached skill level 5 in Charms
   621 | D        | Reached skill level 5 in Summonings
   621 | D        | Reached skill level 5 in Necromancy
   621 | D        | Reached skill level 5 in Translocations
   621 | D        | Reached skill level 5 in Fire Magic
   621 | D        | Reached skill level 5 in Ice Magic
   621 | D        | Reached skill level 5 in Air Magic
   621 | D        | Reached skill level 5 in Earth Magic
   621 | D        | Reached skill level 5 in Poison Magic
   621 | D        | Reached skill level 5 in Invocations
   621 | D        | Reached skill level 5 in Evocations
   621 | D        | Reached XP level 6. HP: 57/57 MP: 10/16
   621 | D        | Reached XP level 7. HP: 62/62 MP: 10/17
   635 | D        | Found a radiant altar of Vehumet.
   635 | D        | Found a deep blue altar of Sif Muna.
   635 | D        | Found an ancient bone altar of Kikubaaqudgha.
   664 | D        | Found an ornate altar of the Wu Jian Council.
   664 | D        | Found a roughly hewn altar of Beogh.
   664 | D        | Found an iron altar of Okawaru.
   664 | D        | Found a bloodstained altar of Trog.
   664 | D        | Found a hide-covered altar of Uskayaw.
   664 | D        | Noticed a human
   665 | D        | Noticed a human
   670 | D        | Killed a human
   682 | D        | Killed a human
   682 | D        | Reached skill level 9 in Unarmed Combat
   682 | D        | Reached XP level 8. HP: 38/71 MP: 15/19
   758 | D        | Found a basalt altar of Yredelemnul.
   758 | D        | Found a shadowy altar of Dithmenos.
   758 | D        | Found a sacrificial altar of Ru.
   797 | D        | Became a worshipper of Sif Muna the Loreminder
   817 | D        | Noticed a shadow
   824 | D        | Killed a shadow
   834 | D        | Found a blossoming altar of Fedhas.
   834 | D        | Found a stormy altar of Qazlal.
   834 | D        | Found a snail-covered altar of Cheibriados.
   834 | D        | Found a burning altar of Makhleb.
   834 | D        | Found a shimmering altar of Xom.
   835 | D        | Found a hazy altar of Hepliaklqana.
   835 | D        | Found an opulent altar of Gozag.
   835 | D        | Found a sparkling altar of Nemelex Xobeh.
   835 | D        | Found a corrupted altar of Lugonu.
   835 | D        | Found a viscous altar of Jiyva.
   874 | D        | Noticed Erica
   883 | D        | Killed Erica
   883 | D        | Reached * piety under Sif Muna
   883 | D        | Reached XP level 9. HP: 66/79 MP: 18/21
  1000 | D        | Noticed a centaur warrior
  1006 | D        | Killed a centaur warrior
  1006 | D        | Reached ** piety under Sif Muna
  1006 | D        | Reached skill level 10 in Unarmed Combat
  1091 | D        | Killed an unseen horror
  1114 | D        | Noticed Donald
  1114 | D        | Noticed Frances
  1123 | D        | Noticed a wandering mushroom
  1129 | D        | Noticed a wandering mushroom
  1131 | D        | Noticed a wandering mushroom
  1139 | D        | Reached XP level 10. HP: 85/90 MP: 23/23
  1391 | D        | Noticed a spiny frog
  1391 | D        | Noticed a spiny frog
  1405 | D        | Killed a spiny frog
  1406 | D        | Killed a spiny frog
  1406 | D        | Reached *** piety under Sif Muna
  1497 | D        | Reached skill level 10 in Spellcasting
  1662 | D        | Learned a level 5 spell: Blade Hands
  1689 | D        | Reached **** piety under Sif Muna
  1692 | D        | Noticed a lindwurm
  1697 | D        | Killed a lindwurm
  1697 | D        | Reached skill level 10 in Dodging
  1697 | D        | Reached skill level 11 in Unarmed Combat
  1697 | D        | Reached skill level 10 in Transmutations
  1710 | D        | Noticed Urug
  1735 | D        | HP: 1/91 [Urug/demon trident of electrocution (12)]
  1739 | D        | Mangled by Urug

Vault maps used:
D:        dungeon_sprint_mu

Skill      XL: |  1  2  3  4  5  6  7  8  9 10 |
---------------+-------------------------------+-----
Fighting       | 3 4 5 6 7 8 9 |  9.4
Short Blades   | 1 2 3 5 6 7 8 9 |  9.1
Long Blades    | 1 2 3 5 6 7 8 9 |  9.1
Axes           | 1 2 3 5 6 7 8 9 |  9.1
Maces & Flails | 1 2 3 5 6 7 8 9 |  9.1
Polearms       | 1 2 3 5 6 7 8 9 |  9.1
Staves         | 1 2 3 5 6 7 8 9 |  9.1
Slings         | 1 2 3 5 6 7 8 9 |  9.1
Bows           | 1 2 3 5 6 7 8 9 |  9.1
Crossbows      | 1 2 3 5 6 7 8 9 |  9.1
Throwing       | 1 2 3 5 6 7 8 9 |  9.1
Armour         | 1 2 3 5 6 7 8 9 |  9.1
Stealth        | 1 2 3 5 6 7 8 9 |  9.1
Shields        | 1 2 3 5 6 7 8 9 |  9.1
Spellcasting   | 5 6 7 8 9 10 | 10.3
Conjurations   | 1 2 3 5 6 7 8 9 |  9.1
Hexes          | 1 2 3 5 6 7 8 9 |  9.1
Charms         | 1 2 3 5 6 7 8 9 |  9.1
Summonings     | 1 2 3 5 6 7 8 9 |  9.1
Necromancy     | 1 2 3 5 6 7 8 9 |  9.1
Translocations | 1 2 3 5 6 7 8 9 |  9.1
Fire Magic     | 1 2 3 5 6 7 8 9 |  9.1
Ice Magic      | 1 2 3 5 6 7 8 9 |  9.1
Air Magic      | 1 2 3 5 6 7 8 9 |  9.1
Earth Magic    | 1 2 3 5 6 7 8 9 |  9.1
Poison Magic   | 1 2 3 5 6 7 8 9 |  9.1
Invocations    | 1 2 3 5 6 7 8 9 |  9.1
Evocations     | 1 2 3 5 6 7 8 9 |  9.1
Dodging        | 5 7 8 9 10 | 10.1
Transmutations | 5 7 8 9 10 | 10.1
Unarmed Combat | 7 8 9 10 11 | 11.0

Action                   |  1- 3 |  4- 6 |  7- 9 | 10-12 || total
-------------------------+-------+-------+-------+-------++-------
Melee: Unarmed           |    16 |     6 |    66 |    39 ||   127
       Bite              |     1 |       |       |     3 ||     4
       Punch             |     1 |       |       |     1 ||     2
 Cast: Beastly Appendage |     2 |       |       |       ||     2
       Spider Form       |     1 |       |       |     2 ||     3
       Ice Form          |       |     2 |     7 |     4 ||    13
       Blade Hands       |       |       |       |     3 ||     3
 Abil: End Transformatio |       |       |       |     4 ||     4
  Use: Potion            |     2 |     3 |     4 |       ||     9
       Scroll            |       |       |       |     4 ||     4
 Stab: Sleeping          |       |     1 |     4 |     4 ||     9
  Eat: Bread ration      |       |       |     2 |       ||     2
Armor: Robe              |     1 |       |       |     2 ||     3
       Skin              |       |       |    10 |       ||    10
Dodge: Dodged            |     5 |     3 |    34 |    15 ||    57

Table legend:
 A = Spawn XP
 B = Non-spawn XP
 C = Spawn XP percentage of total XP
 D = Spawn monster count
 E = Non-spawn monster count
 F = Spawn count percentage of total count
 G = Total turns spent on level
                    A         B        C        D         E        F      G
               +---------+---------+-------+---------+---------+-------+---------
         Total |       0 |    7634 |   0.0 |       0 |      31 |   0.0 |  1739
               +---------+---------+-------+---------+---------+-------+---------
             D |       0 |    7634 |   0.0 |       0 |      31 |   0.0 |  1739
               +---------+---------+-------+---------+---------+-------+---------
